Unix NetHack Version 3.7.0-80 Work-in-progress - last build Mar 20 2023 03:01:41 (4d3a4a9e917c0f86d3594936c235e576342b1c4a,branch:master). Game began 2023-03-21 13:10:13, ended 2023-03-22 21:45:26. theworstmau, neutral male human Wizard ----------- --------- --------------- |<........-###################-.......| ##-.............| |.........| ## |.......| ##### |.............| |.....*...| ---------####|.......|## ##..............| |.........-######........| # #-.>.....|## ## |.............| |.........| |v......| # |.......|## #..............| |.........| |.:......####-.......|# #--------------- ---.------- -------.- # -----|-|-# # ### ###### ########### # ### # # ####### # # ## ### ### ## # ## # ## # #---.-######## # # #|...-### # # # #|>..|# # # ----------.---- #|...-# -------.------.-# |..............# #|...|# |..............|# |.............|####-----########-..............|# |.............-# |..............-# --------------- -----.---------- # Theworstmau the Thaumaturge St:14 Dx:9 Co:17 In:18 Wi:10 Ch:10 Neutral Dlvl:4 $:1949 HP:0(62) Pw:78(78) AC:-5 Exp:9 T:11479 Satiated Latest messages: You get expelled! The rothe hits! The rothe bites! The rothe bites again! The rothe hits! The rothe bites! The rothe bites again! The rothe hits! The rothe bites! The rothe bites again! The rothe hits! The rothe misses! The rothe misses! The rothe hits! The rothe misses! The rothe misses! The rothe hits! The rothe bites! The rothe bites again! The rothe hits! The rothe bites! The rothe misses! The rothe hits! The rothe bites! The rothe just misses! The rothe hits! The rothe bites! The rothe bites again! The rothe hits! The rothe bites! The rothe misses! The rothe hits! The rothe misses! The rothe misses! The rothe hits! The rothe bites! The rothe bites again! The rothe hits! The rothe bites! The rothe bites again! The rothe just misses! The rothe misses! The rothe bites! The fog cloud engulfs you! You are laden with moisture and can barely breathe! You are laden with moisture and can barely breathe! You are laden with moisture and can barely breathe! You are laden with moisture and can barely breathe! You die... Do you want to see the dungeon overview? [ynq] (y) Inventory: Coins $ - 1949 gold pieces Amulets G - a cursed amulet of restful sleep Weapons u - 20 +0 daggers (at the ready) M - a +0 elven dagger named !c a - the rustproof +0 Magicbane (weapon in hand) Armor B - an uncursed rusty +2 dwarvish iron helm named !c (being worn) N - a blessed +3 pair of leather gloves (being worn) O - an uncursed +0 pair of low boots (being worn) y - an uncursed +0 cloak of magic resistance (being worn) F - an uncursed +0 dwarvish mithril-coat named !c (being worn) Comestibles o - an uncursed food ration p - an uncursed lichen corpse f - 3 uncursed lizard corpses D - an uncursed lizard corpse Rings e - an uncursed ring of shock resistance (on left hand) d - an uncursed ring of slow digestion (on right hand) Wands r - a wand of digging (0:8) c - a wand of fire (0:1) L - a blessed wand of teleportation (0:1) Tools b - an uncursed sack named !c containing 3 items E - an uncursed brass lantern J - a blessed magic lamp n - a magic marker (0:82) w - an uncursed magic whistle H - an uncursed oil lamp k - an uncursed skeleton key P - an uncursed towel named !c Contents of the sack named !c: 2 uncursed food rations an uncursed sprig of wolfsbane an uncursed brass lantern Theworstmau the Wizard's attributes: Background: You were a Thaumaturge, a level 9 male human Wizard. You were neutral, on a mission for Thoth who was opposed by Ptah (lawful) and Anhur (chaotic). You were in the Dungeons of Doom, on level 4. You entered the dungeon 11479 turns ago. There was a new moon in effect when your adventure ended. You had 2878 experience points, 2242 more were needed to attain level 10. Basics: You had 0 out of 62 hit points. You had all 78 energy points (spell power). Your armor class was -5. Your wallet contained 1949 zorkmids. Autopickup was on for '$"?!=/' plus thrown, with exceptions. Final Characteristics: Your strength was 14 (peak:15, limit:18/100). Your dexterity was 9 (peak:12, limit:18). Your constitution was 17 (limit:18). Your intelligence was 18 (limit:18). Your wisdom was 10 (limit:18). Your charisma was 10 (limit:18). Final Status: You were engulfed by a fog cloud. You were satiated. You were unencumbered. You were wielding a dagger. You had expert skill with dagger. Final Attributes: You were piously aligned. You were magic-protected. You were shock resistant. Your items were protected from electric shocks. You were telepathic. You had slower digestion. You were guarded. You were lucky. You are dead. Miscellaneous: You never encountered a bones level. Total elapsed playing time was 3 hours, 5 minutes and 18 seconds. Major events: Turn 1: theworstmau the neutral male human Wizard entered the dungeon 1225: attained the rank of Conjurer (level 3) 2463: entered the Gnomish Mines 4396: attained the rank of Thaumaturge (level 6) 11185: was bestowed with Magicbane by Thoth 11479: killed by a fog cloud, while frozen by a floating eye's gaze Vanquished creatures: a blue dragon 2 stalkers a small mimic a glass piercer an ettin mummy a large cat an elf mummy an ettin zombie 4 watchmen 3 giant beetles a quivering blob 3 wolves 2 lynxes a gremlin a leprechaun an iron piercer 2 giant spiders a black light a forest centaur 2 ogres a rust monster an owlbear a yeti a gold golem a Green-elf 4 lizards 2 dwarf leaders 2 dust vortices a gnome mummy a Woodland-elf 4 soldier ants an imp a wood nymph an orc shaman 5 rock piercers a rock mole a pony a fog cloud 2 yellow lights 15 gnome leaders 3 gnomish wizards a kobold mummy 2 elf zombies a ghoul a straw golem a paper golem a giant ant 5 floating eyes 14 dwarves a kobold leader 2 hill orcs 4 rothes a giant bat a monkey a dwarf zombie a wererat an iguana an acid blob 2 gas spores 5 hobbits 2 manes a large kobold 13 giant rats 2 yellow molds 53 gnomes 5 gnome zombies 2 geckos 20 jackals 3 foxes 3 kobolds 4 goblins a sewer rat 7 grid bugs a bat 5 lichens 12 newts 261 creatures vanquished. No species were genocided or became extinct. Voluntary challenges: You read items or engraved 22 times. You engraved Elbereth 13 times. You never genocided any monsters. You never polymorphed an object. You never changed form. You used no wishes. Achievements: You attained the rank of Conjurer. You entered a shop. You entered the Gnomish Mines. You attained the rank of Thaumaturge. You entered a temple. The Dungeons of Doom: levels 1 to 4 Level 1: A fountain. Level 2: A grave. Level 3: A weapon shop. Level 4: <- You were here. Stairs down to The Gnomish Mines. Final resting place for you, killed by a fog cloud, while frozen by a floating eye's gaze. The Gnomish Mines: levels 5 to 12 Level 5: Level 6: Level 7: Many shops, a temple to Thoth, some fountains. Level 8: Level 9: Level 10: Level 11: Level 12: Game over: ---------- / \ / REST \ / IN \ / PEACE \ / \ | theworstmau | | 1949 Au | | killed by a fog | | cloud | | | | | | 2023 | *| * * * | * _________)/\\_//(\/(/\)/\//\/|_)_______ Goodbye theworstmau the Wizard... You died in The Dungeons of Doom on dungeon level 4 with 13817 points, and 1949 pieces of gold, after 11479 moves. You were level 9 with a maximum of 62 hit points when you died.